 Dungeon Crawl Stone Soup version 0.25-a0-258-g6d7e32a812 (webtiles) character file.

Game seed: 9314775687819916171, levelgen mode: deterministic

34 MrRokkomies the Firebug (level 3, -1/33 HPs)
             Began as an Ogre Fire Elementalist on Dec 6, 2019.
             Slain by a goblin (2 damage)
             ... led by Robin
             ... on level 2 of the Dungeon.
             The game lasted 00:04:51 (896 turns).

MrRokkomies the Firebug (Ogre Fire Elementalist)     Turns: 896, Time: 00:04:52

Health: -1/33      AC:  4    Str: 12    XL:     3   Next: 31%
Magic:  4/6        EV: 10    Int: 17    God:
Gold:   73         SH:  0    Dex:  9    Spells: 2/6 levels left

rFire    . . .     SeeInvis .   d - +0 short sword
rCold    . . .     Gourm    .   (no shield)
rNeg     . . .     Faith    .   a - +1 robe
rPois    .         Spirit   .   (helmet restricted)
rElec    .         Reflect  .   (no cloak)
rCorr    .         Harm     .   (gloves unavailable)
MR       +....                  (boots unavailable)
Stlth    +.........             (no amulet)
HPRegen  0.11/turn              e - ring of protection from magic
MPRegen  0.10/turn              (no ring)

@: no status effects
A: large, unfitting armour, tough skin 1
a: no special abilities


You were on level 2 of the Dungeon.
You were not hungry.

You visited 1 branch of the dungeon, and saw 2 of its levels.

You collected 73 gold pieces.

Inventory:

Hand Weapons
 d - a +0 short sword (weapon)
Armour
 a - a +1 robe (worn)
Jewellery
 e - a ring of protection from magic (left hand)
Scrolls
 b - a scroll of random uselessness
 h - a scroll of identify
Potions
 g - a potion of mutation
Comestibles
 c - 2 rations


   Skills:
 + Level 1.3 Fighting
 - Level 1.7 Dodging
 - Level 1.4 Stealth
 - Level 2.4 Spellcasting
 * Level 1.8 Conjurations
 * Level 3.2 Fire Magic


You had 2 spell levels left.
You knew the following spells:

 Your Spells              Type           Power        Failure   Level  Hunger
a - Foxfire               Conj/Fire      ##..         6%          1    #......
b - Conjure Flame         Conj/Fire      ##......     19%         3    ###....

Your spell library contained the following spells:

 Spells                   Type           Power        Failure   Level  Hunger
 Inner Flame              Hex/Fire       #.......     28%         3    ###....
 Sticky Flame             Conj/Fire      ##......     54%         4    #####..
 Fireball                 Conj/Fire      ##........   87%         5    ######.


Dungeon Overview and Level Annotations

Branches:
Dungeon (2/15)

Altars:

Annotations:
D:2 Robin


Innate Abilities, Weirdness & Mutations

You are too large for most types of armour.
You have tough skin. (AC +1)


Message History

The goblin hits you but does no damage. The goblin barely misses you.
As you read the scroll labeled SOEPEF VASEPASCHOU, it crumbles to dust.
It is a scroll of identify.
g - a potion of mutation The bat hits you.
The goblin hits you with a cursed -1 club.
The goblin hits you with a +0 dagger.
* * * LOW HITPOINT WARNING * * *
It was a potion of cancellation.
You feel magically purged.
The goblin no longer looks unusually strong.
The bat hits you but does no damage.
Robin roars a battlecry!
The goblin goes into a battle-frenzy!
The goblin hits you with a cursed -1 club.
* * * LOW HITPOINT WARNING * * *
The goblin hits you but does no damage.
You hit Robin but do no damage.
Robin is almost dead.
The goblin hits you but does no damage. The goblin hits you.
You die...

#.##...)#.###
#............
######.##.##.#####
#.........##...# #
#..........#.#####
#......#.#........
#......#.#.#######
#gg....)(..# #
#@g...##.### #
#gg...##)#
#b....##.#
...........
........####
.........#
.......>..
....######


You could see Robin, 4 goblins and a bat.

Vanquished Creatures
  An ooze (D:1)
  A giant cockroach (D:1)
  9 goblins
  2 hobgoblins (D:1)
  4 jackals (D:1)
  5 bats (D:1)
  3 frilled lizards (D:1)
  2 kobolds (D:1)
  A rat (D:1)
28 creatures vanquished.

Vanquished Creatures (others)
  23 foxfires
23 creatures vanquished.

Grand Total: 51 creatures vanquished

Notes
Turn   | Place    | Note
-------+----------+-------------------------------------------
     0 | D:1      | MrRokkomies the Ogre Fire Elementalist began the quest for
                  | the Orb.
     0 | D:1      | Reached XP level 1. HP: 16/16 MP: 3/3
    31 | D:1      | Reached skill level 1 in Conjurations
   234 | D:1      | Reached XP level 2. HP: 20/26 MP: 1/5
   273 | D:1      | Reached skill level 3 in Fire Magic
   283 | D:1      | Reached skill level 1 in Fighting
   613 | D:1      | Reached XP level 3. HP: 33/33 MP: 6/6
   792 | D:1      | Learned a level 3 spell: Conjure Flame
   876 | D:2      | Noticed Robin
   895 | D:2      | HP: 1/33 [goblin/cursed -1 club[Robin] (6)]
   896 | D:2      | Slain by a goblin

Levels and vault maps discovered:
D:1:      lemuel_arrival_room, layout_rooms, corexii_leaking_fountain
D:2:      layout_basic, uniq_robin

Skill      XL: |  1  2 |
---------------+-------+-----
Conjurations   | 1 |  1.8
Fire Magic     | 3 |  3.2
Fighting       | 1 |  1.3
Dodging        | |  1.7
Stealth        | |  1.4
Spellcasting   | |  2.4

Action                   || total
-------------------------++-------
Melee: Unarmed           ||    16
       Short sword       ||    89
 Cast: Foxfire           ||    14
  Use: Scroll            ||     3
       Potion            ||     1
 Stab: Sleeping          ||     1
Armor: Robe              ||    43
Dodge: Dodged            ||    83

Table legend:
 A = Non-vault XP
 B = Vault XP
 C = Vault XP percentage of total XP
 D = Non-vault monster count
 E = Vault monster count
 F = Vault count percentage of total count
                 A         B        C        D         E       F
            +---------+---------+-------+---------+---------+-------
      Total |      37 |      12 |  24.5 |      21 |       7 |  25.0
            +---------+---------+-------+---------+---------+-------
        D:1 |      37 |       0 |   0.0 |      21 |       0 |   0.0
        D:2 |       0 |      12 | 100.0 |       0 |       7 | 100.0
            +---------+---------+-------+---------+---------+-------
